 Dungeon Crawl Stone Soup version 0.29.1-4-g47bece8355 (webtiles) character file.

Game seed: 9224256662715436120

32 hawla the Chiller (level 3, -8/26 HPs)
             Began as a Meteoran Ice Elementalist on Dec 8, 2022.
             Mangled by a gnoll
             ... wielding a +0 halberd
              (15 damage)
             ... on level 4 of the Dungeon.
             The game lasted 00:02:43 (247 turns).

hawla the Chiller (Meteoran Ice Elementalist)        Turns: 247, Time: 00:02:44

Health: -8/26      AC:  2    Str: 11    XL:     3   Next: 64%
Magic:  6/8        EV: 13    Int: 18    God:
Gold:   19         SH:  0    Dex: 19    Spells: 7/8 levels left

rFire   . . .      SeeInvis .   f - +10 quarterstaff of Propriety {elec, *Corrode Will+ Str+2 Dex+4}
rCold   . . .      Faith    .   (shield currently unavailable)
rNeg    . . .      Spirit   .   a - +0 robe
rPois   .          Reflect  .   (no helmet)
rElec   .          Harm     .   (no cloak)
rCorr   .          Rampage  .   (no gloves)
Will    +....                   (no boots)
Stlth   +.........              (no amulet)
HPRegen 0.08/turn               (no ring)
MPRegen 0.11/turn               (no ring)

@: glowing
A: sense surroundings 1, otherworldly, glowing, explore regen
a: no special abilities


You were on level 4 of the Dungeon.
You visited 1 branch of the dungeon, and saw 3 of its levels.

You collected 19 gold pieces.

Inventory:

Hand Weapons
 f - the +10 quarterstaff of Propriety (weapon) {elec, *Corrode Will+ Str+2 Dex+4}
   (You found it on level 4 of the Dungeon)

   It occasionally discharges a powerful burst of electricity upon striking a
   foe.
   Str:       It affects your strength (+2).
   Dex:       It affects your dexterity (+4).
   *Corrode:  It may corrode you when you take damage.
   Will:      It increases your willpower.
Armour
 a - a +0 robe (worn)
 g - a +0 helmet
Potions
 b - a potion of magic
 c - 2 potions of attraction {unknown}
 e - a potion of curing


   Skills:
 + Level 0.3 Staves
 + Level 2.6 Dodging
 - Level 1.4 Stealth
 + Level 3.3 Spellcasting
 + Level 5.0 Ice Magic


You had 7 spell levels left.
You knew the following spells:

 Your Spells              Type           Power      Damage    Failure   Level
a - Freeze                Ice            84%        1d10      1%          1

Your spell library contained the following spells:

 Spells                   Type           Power      Damage    Failure   Level
 Frozen Ramparts          Ice            42%        1d7       6%          3
 Ozocubu's Armour         Ice            21%        N/A       6%          3
 Hailstorm                Conj/Ice       12%        3d5       50%         4


Dungeon Overview and Level Annotations

Branches:
Dungeon (2/15) Zot: 1551

Altars:
Okawaru
Wu Jian


Innate Abilities, Weirdness & Mutations

You passively map a small area around you.
You are easily found by Zot.
You glow in the dark.
You regain HP and MP as you explore.


Message History

The hound bites you but does no damage.
The howler monkey hoots and howls with incredible vigour!
You hear a shout!
The hound attacks as you move away! The hound bites you but does no damage.
The howler monkey barely misses you. The hound bites you.
The howler monkey attacks as you move away!
The howler monkey hits you but does no damage.
The hound attacks as you move away! The hound completely misses you.
The howler monkey hits you. The hound bites you.
The howler monkey attacks as you move away!
The howler monkey hits you. The hound barely misses you.
The hound attacks as you move away! The hound bites you.
The howler monkey attacks as you move away!
The howler monkey hits you. The hound bites you.
* * * LOW HITPOINT WARNING * * *
The howler monkey closely misses you.
The gnoll throws a throwing net.
The throwing net barely misses you.
You see here a throwing net.
Casting: Freeze (safe; 1% risk of failure)
Confirm with . or Enter, or press ? or * to list all spells.
Aiming: Freeze (safe; 1% risk of failure)
Press: ? - help, Shift-Dir - straight line, f/p - hound
Aim: a hound (lightly wounded)
You freeze the hound!
The hound is severely wounded.
The hound barely misses you.
The howler monkey hits you but does no damage.
The hound bites you but does no damage.
Casting: Freeze (safe; 1% risk of failure)
Confirm with . or Enter, or press ? or * to list all spells.
Aiming: Freeze (safe; 1% risk of failure)
Press: ? - help, Shift-Dir - straight line, f/p - hound
Aim: a hound (severely wounded)
You freeze the hound.
The hound is almost dead.
The gnoll hits you from afar with a +0 halberd!
Ouch! That really hurt!
You die...

* #...........)≈≈≈.
#.....#.......##...≈##.
,
#.....##########...≈#≈.
#..............#...≈#≈_
,#..............'...≈#≈≈
#..........g...#...≈###
,
#..............#...≈≈≈≈
#..............##+#####
, #.....@hgg..........
#......h............
..#####............... ,
##########...... ,
...... ...... , .... , ,
, , , * , ,


You could see a howler monkey, a hound and 3 gnolls.

Vanquished Creatures
  A gnoll (D:4)
  An adder (D:2)
  A dart slug (D:4)
  An endoplasm (D:2)
  3 jackals (D:4)
  3 bats (D:2)
  A frilled lizard (D:2)
11 creatures vanquished.

Notes
Turn   | Place    | Note
-------+----------+-------------------------------------------
     0 | D:1      | hawla the Meteoran Ice Elementalist began the quest for the
                  | Orb.
     0 | D:1      | Reached XP level 1. HP: 14/14 MP: 5/5
   161 | D:2      | Reached XP level 2. HP: 14/20 MP: 3/6
   178 | D:2      | You fall into a shaft and drop 2 floors!
   185 | D:4      | Identified the +10 quarterstaff of Propriety {elec,
                  | *Corrode Will+ Str+2 Dex+4}
   191 | D:4      | Reached XP level 3. HP: 26/26 MP: 8/8
   207 | D:4      | Found an iron altar of Okawaru.
   207 | D:4      | Found an ornate altar of the Wu Jian Council.
   232 | D:4      | Reached skill level 5 in Ice Magic
   234 | D:4      | Noticed a howler monkey
   247 | D:4      | Mangled by a gnoll

Illustrated notes

Levels and vault maps discovered:
D:1:      lemuel_arrival_river_ford, layout_rooms, st_stairs_14,
          dk_noncrumbling_4, serial_bayou_pond_d
D:2:      layout_basic
D:4:      layout_gridville, mainiacjoe_overflow_paths,
          nicolae_overflow_two_pavilions

Skill      XL: |  1  2  3 |
---------------+----------+-----
Spellcasting   | 3 |  3.3
Ice Magic      | 5 |  5.0
Staves         | |  0.3
Dodging        | |  2.6
Stealth        | |  1.4

Action                   || total
-------------------------++-------
Melee: Unarmed           ||     1
       Quarterstaff      ||     4
 Cast: Freeze            ||    19
  Use: Scroll            ||     1
Armor: Robe              ||    19
Dodge: Dodged            ||    33
